 Dungeon Crawl Stone Soup version 0.28.0-53-g5a82cb258f (webtiles) character file.

Game seed: 3901527456569959152

18714 Peloso the Protected (level 12, -7/110 HPs)
             Began as a Minotaur Fighter on July 19, 2022.
             Was a High Priest of Okawaru.
             Mangled by a yak (11 damage)
             ... on level 2 of the Lair of Beasts.
             The game lasted 00:31:03 (17035 turns).

Peloso the Protected (Minotaur Fighter)            Turns: 17035, Time: 00:31:04

Health: -7/110     AC: 19    Str: 20 (22) XL:     12   Next: 30%
Magic:  22/22      EV:  8    Int:  3 (5)  God:    Okawaru [*****.]
Gold:   737        SH:  6    Dex: 14 (17) Spells: 11/11 levels left

rFire   + + .      SeeInvis .   a - +7 falchion "Noxeug" {spect, rF+ Will- MP+9 Dex+3}
rCold   . . .      Faith    .   c - +0 buckler
rNeg    . . .      Spirit   .   e - +0 plate armour
rPois   .          Reflect  .   (helmet restricted)
rElec   .          Harm     .   G - +0 cloak
rCorr   .          Rampage  .   (no gloves)
Will    .....                   y - +0 pair of boots
Stlth   ..........              (no amulet)
HPRegen 0.28/turn               r - ring of protection from fire
MPRegen 0.18/turn               (no ring)

@: slowed, studying Fire Magic, very slow
A: horns 2, retaliatory headbutt
a: Renounce Religion, Heroism, Finesse, Duel


You were on level 2 of the Lair of Beasts.
You worshipped Okawaru.
Okawaru was extremely pleased with you.
You visited 3 branches of the dungeon, and saw 14 of its levels.
You also visited: Bailey.

You collected 737 gold pieces.

Inventory:

Hand Weapons
 a - the +7 falchion "Noxeug" (weapon) {spect, rF+ Will- MP+9 Dex+3}
   (Okawaru gifted it to you on level 11 of the Dungeon)

   When its wielder attacks, the weapon's spirit leaps out and strikes again.
   The spirit shares a part of any damage it takes with its wielder.
   Dex:       It affects your dexterity (+3).
   rF:        It protects you from fire.
   MP:        It affects your magic capacity (+9).
   Will:      It decreases your willpower.
 b - a +0 whip of flaming
Missiles
 m - a throwing net (quivered)
Armour
 c - a +0 buckler (worn)
 e - a +0 plate armour (worn)
 l - a +1 chain mail
 y - a +0 pair of boots (worn)
 G - a +0 cloak (worn)
 H - +0 fire dragon scales
Jewellery
 i - an amulet of guardian spirit
 q - a ring of fire
 r - a ring of protection from fire (left hand)
 t - a +6 ring of intelligence
 v - an amulet of faith
Wands
 u - a wand of paralysis (4)
 x - a wand of iceblast (18)
 z - a wand of digging (4)
 A - a wand of polymorph (7)
 F - a wand of flame (2)
Scrolls
 g - a scroll of magic mapping
 h - 9 scrolls of teleportation
 j - a scroll of holy word
 w - 2 scrolls of fear
 E - a scroll of noise
 I - a scroll of immolation
 K - 2 scrolls of enchant weapon
 L - 2 scrolls of identify
 O - a scroll of blinking
Potions
 d - 3 potions of might
 f - 2 potions of invisibility
 k - 2 potions of mutation
 n - 5 potions of curing
 o - 3 potions of ambrosia
 p - a potion of magic
 C - 2 potions of flight
 D - a potion of cancellation
 M - a potion of brilliance


   Skills:
 + Level 11.2 Fighting
 + Level 13.8 Long Blades
 + Level 1.2 Maces & Flails
 + Level 1.2 Throwing
 + Level 14.1 Armour
 + Level 3.1 Dodging
 + Level 1.6 Stealth
 + Level 8.9 Shields
 + Level 2.7 Invocations
 + Level 1.9 Evocations


You had 11 spell levels left.
You didn't know any spells.
Your spell library contained the following spells:

 Spells                   Type           Power      Damage    Failure   Level
 Magic Dart               Conj           0%         1d3       100%        1
 Shock                    Conj/Air       0%         1d3       100%        1
 Blink                    Tloc           0%         N/A       100%        2
 Dazzling Flash           Conj/Hex       0%         N/A       100%        3
 Lesser Beckoning         Tloc           0%         N/A       100%        3
 Mephitic Cloud           Conj/Pois/Air  0%         N/A       100%        3
 Swiftness                Air            0%         N/A       100%        3
 Teleport Other           Tloc           0%         N/A       100%        3
 Airstrike                Air            0%         N/A       100%        4
 Cause Fear               Hex            0%         N/A       100%        4
 Iskenderun's Mystic Bla  Conj/Tloc      0%         2d3       100%        4
 Leda's Liquefaction      Hex/Erth       0%         N/A       100%        4
 Passage of Golubria      Tloc           0%         N/A       100%        4
 Borgnjor's Vile Clutch   Necr/Erth      0%         N/A       100%        5
 Lee's Rapid Deconstruct  Erth           0%         3d5*      100%        5
 Manifold Assault         Tloc           0%         N/A       100%        5
 Metabolic Englaciation   Hex/Ice        0%         N/A       100%        5
 Starburst                Conj/Fire      0%         6d3       100%        6
 Statue Form              Tmut/Erth      0%         N/A       100%        6
 Dragon Form              Tmut           0%         N/A       100%        7
 Storm Form               Tmut/Air       0%         N/A       100%        7
 Call Imp                 Summ           Unusable   N/A       N/A         2
 Animate Dead             Necr           Unusable   N/A       N/A         4
 Summon Forest            Summ/Tloc      Unusable   N/A       N/A         5
 Death Channel            Necr           Unusable   N/A       N/A         6
 Dragon's Call            Summ           Unusable   N/A       N/A         9

Dungeon Overview and Level Annotations

Branches:
Dungeon (11/15)            Temple (1/1) D:5            Lair (2/6) D:10
  Snake (0/4) Lair:2          Orc (0/2) D:10         Bailey (visited)
  Swamp: Lair:2-4    Shoals: Lair:2-4

Altars:
Dithmenos
Makhleb
Okawaru
Trog
Uskayaw
Zin
Beogh

Annotations:
D:6 3 quasit dig
D:8 2 transporters, zielscheibe's ghost, novice BaIE
D:9 3 runed translucent doors, hitsuchi's ghost, journeyman TeSu
D:11 1 runed translucent door, Peloso's ghost, journeyman MiFi
Lair:2 Gastronok


Innate Abilities, Weirdness & Mutations

You have a pair of horns on your head.
You reflexively headbutt those who attack you in melee.


Message History

You block the wolf's attack. The wolf bites you.
* * * LOW HITPOINT WARNING * * *
The wolf bites you!
* * * LOW HITPOINT WARNING * * *
You slash the wolf!
You kill the wolf!
Okawaru accepts your kill. The wolf closely misses you.
You furiously retaliate!
You headbutt the wolf.
Unknown command.
You slash the wolf! Your headbutt misses the wolf.
The wolf is almost dead.
Your +7 falchion "Noxeug" {spect, rF+ Will- MP+9 Dex+3} closely misses the wolf.
You feel a little less clever now. The wolf bites you but does no damage.
The wolf barely misses you. You furiously retaliate!
You headbutt the wolf, but do no damage.
You slash the wolf!
You kill the wolf!
Okawaru accepts your kill.
Unknown command.
You recover from your berserk rage.
You feel like a meek peon again.
A yak comes into view.
The yak moves out of view.
You hear the crackling of a very distant melting archway.
A yak comes into view. 4 yaks come into view.
The yak bellows! x3; You hear a bellow!
You hear a roar!
The yak moves out of view. x2
You slash the yak! You headbutt the yak, but do no damage.
The yak is moderately wounded.
The yak barely misses you.
You hit the yak. You headbutt the yak.
The yak is heavily wounded.
You barely miss the yak.
The yak is heavily wounded.
The yak gores you!
* * * LOW HITPOINT WARNING * * *
The yak gores you!
You die...

,,,^*******+**,* #####.<.## *
,,,,+,*,,,,,,,** ###..#.#.+.##*
,,,,,,,*,.,,,,,* #...........#*
,,,,,,,+,..,,,** #...........#*
,,,,,**,,...,,* ####..........#,
,,,,***,,....,* ##..+..........+,
,,,,* *,,.....**#..............#*
,,,,***,,....YY##.##P..........#*
,,...***,,,,,,+Y@.##...........#
,,...* *,....YY##.#.#........>.#
,..<.* *,.....**#########.####.#
....** *,##..** ##.≈P.≈..###
..#** ***#.** #.P≈P.PP.♣* #** #**
#≈≈♣♣.♣♣≈≈#** # ###).♣...♣..#,*
##### #.w.).†>......, ....####
#.#P.♣...♣.♣#).


You could see 5 yaks.

Vanquished Creatures
  A fire dragon (D:9)
  Erolcha (D:11)
  2 vault guards (Bailey)
  A hydra (D:9)
  3 two-headed ogres
  Pikel (D:6)
  A manticore (D:11)
  Maurice (D:9)
  5 cane toads
  Maggie (D:7)
  3 komodo dragons
  3 trolls
  Prince Ribbit (Bailey)
  A hornet (D:8)
  A shadow (D:9)
  4 yaks (D:8)
  4 humans (Bailey)
  A basilisk (Lair:1)
  A wyvern (D:9)
  7 vampire mosquitoes (D:10)
  A steam dragon (D:7)
  4 wargs (D:10)
  3 water moccasins
  An ice beast (D:6)
  3 black bears (D:5)
  3 orc warriors
  A hornet zombie (D:6)
  2 sky beasts
  4 ogres
  3 centaurs
  A necrophage (D:4)
  8 wolves (Lair:2)
  3 lemures
  A phantom (D:5)
  13 bullfrogs
  A gnoll sergeant (D:6)
  3 scorpions (D:5)
  A water moccasin zombie (D:6)
  10 killer bees
  2 water moccasin skeletons (D:6)
  5 centaur zombies
  2 bullfrog zombies
  A jelly (D:6)
  5 orc priests
  A hound (D:7)
  5 iguanas
  15 orc wizards
  9 hell rats (Lair:1)
  A hound skeleton (D:5)
  A howler monkey skeleton (D:6)
  11 gnolls
  10 adders
  13 river rats (Lair:1)
  A white imp (D:5)
  4 dart slugs
  48 orcs
  9 endoplasms
  5 giant cockroaches
  8 goblins
  5 hobgoblins
  4 jackals (D:4)
  8 quokkas
  7 ball pythons
  5 bats
  3 frilled lizards
  14 kobolds
  20 rats
331 creatures vanquished.

Vanquished Creatures (others)
  4 fungi (Lair:2)
  10 plants
14 creatures vanquished.

Grand Total: 345 creatures vanquished

Notes
Turn   | Place    | Note
-------+----------+-------------------------------------------
     0 | D:1      | Peloso the Minotaur Fighter began the quest for the Orb.
     0 | D:1      | Reached XP level 1. HP: 19/19 MP: 0/0
    19 | D:1      | You fall into a shaft and drop 1 floor!
   120 | D:2      | Reached XP level 2. HP: 16/27 MP: 1/1
   271 | D:2      | Reached skill level 4 in Armour
   535 | D:2      | Reached XP level 3. HP: 23/33 MP: 2/2
  1690 | D:1      | Reached XP level 4. HP: 37/40 MP: 3/3
  2261 | D:3      | Found a faded altar of an unknown god.
  3481 | D:4      | Reached XP level 5. HP: 44/47 MP: 4/4
  4018 | D:4      | Reached skill level 5 in Armour
  4075 | D:4      | Noticed a necrophage
  4081 | D:4      | Killed a necrophage
  4313 | D:4      | Reached XP level 6. HP: 53/53 MP: 5/5
  4582 | D:4      | Reached skill level 5 in Fighting
  4582 | D:4      | Reached skill level 5 in Long Blades
  4749 | D:5      | Entered Level 5 of the Dungeon
  4751 | D:5      | Found a staircase to the Ecumenical Temple.
  4779 | Temple   | Entered the Ecumenical Temple
  4868 | Temple   | Became a worshipper of Warmaster Okawaru
  4942 | D:5      | Reached skill level 6 in Armour
  4946 | D:5      | Reached XP level 7. HP: 28/61 MP: 6/6
  5205 | Temple   | HP: 2/61 [gnoll/+0 halberd (6)]
  5499 | Temple   | Reached skill level 1 in Dodging
  5759 | D:5      | Reached * piety under Okawaru
  5760 | D:5      | Reached skill level 5 in Shields
  6042 | D:5      | Reached skill level 7 in Armour
  6105 | D:5      | Reached XP level 8. HP: 46/70 MP: 7/7
  7242 | D:6      | Reached skill level 8 in Armour
  7744 | D:6      | Reached XP level 9. HP: 74/79 MP: 8/8
  8041 | D:6      | Reached skill level 9 in Armour
  8094 | D:7      | Reached ** piety under Okawaru
  8127 | D:7      | Noticed Pikel
  8139 | D:7      | Noticed Maggie
  8150 | D:7      | Killed Maggie
  8186 | D:7      | Found a flagged portal.
  8198 | Bailey   | Entered a bailey
  8486 | Bailey   | Reached skill level 10 in Long Blades
  8575 | Bailey   | Reached skill level 10 in Armour
  8588 | Bailey   | Reached skill level 1 in Invocations
  8759 | Bailey   | Noticed a vault guard
  8759 | Bailey   | Noticed Prince Ribbit
  8772 | Bailey   | Killed a vault guard
  8772 | Bailey   | Reached *** piety under Okawaru
  8773 | Bailey   | Reached XP level 10. HP: 28/90 MP: 7/9
  8780 | Bailey   | Killed Prince Ribbit
  9036 | Bailey   | Noticed a vault guard
  9047 | Bailey   | Killed a vault guard
  9047 | Bailey   | Reached **** piety under Okawaru
  9048 | Bailey   | Reached skill level 1 in Stealth
  9117 | Bailey   | Reached skill level 1 in Throwing
  9433 | D:6      | Killed Pikel
  9434 | D:6      | Reached skill level 11 in Armour
  9816 | D:8      | Noticed a two-headed ogre
  9823 | D:8      | Killed a two-headed ogre
  9823 | D:8      | Reached ***** piety under Okawaru
 10006 | D:8      | Noticed zielscheibe's ghost (novice BaIE)
 10562 | D:8      | Found a shadowy altar of Dithmenos.
 10562 | D:8      | Found a glowing silver altar of Zin.
 10596 | D:8      | Found a transporter.
 10601 | D:8      | Found a transporter.
 10873 | D:8      | Reached XP level 11. HP: 81/97 MP: 11/11
 11047 | D:9      | Noticed a six-headed hydra
 11196 | D:9      | Killed a six-headed hydra
 11197 | D:9      | Reached skill level 12 in Armour
 11522 | D:9      | Noticed Maurice
 11535 | D:9      | Killed Maurice
 11536 | D:9      | Reached skill level 1 in Evocations
 11719 | D:9      | Noticed a fire dragon
 11767 | D:9      | Killed a fire dragon
 11768 | D:9      | Reached skill level 1 in Maces & Flails
 12153 | D:9      | Reached skill level 10 in Fighting
 12217 | D:9      | Found a runed translucent gate.
 12217 | D:9      | Found a runed translucent gate.
 12217 | D:9      | Found a runed translucent gate.
 12221 | D:9      | Noticed hitsuchi's ghost (journeyman TeSu)
 12522 | D:9      | Identified the amulet "Ocate" {Reflect Will+ Int+4 SH+5}
 12561 | D:10     | Entered Level 10 of the Dungeon
 12920 | D:10     | Found a staircase to the Lair.
 13019 | D:10     | Received a gift from Okawaru
 13584 | D:10     | Found a staircase to the Orcish Mines.
 13721 | D:10     | Noticed a two-headed ogre
 13729 | D:10     | Killed a two-headed ogre
 13730 | D:10     | Reached skill level 13 in Armour
 14095 | D:11     | Got the Compendium of the Snowflakes and the Compass
 14104 | D:11     | Found a runed translucent door.
 14113 | D:11     | Noticed Peloso's ghost (journeyman MiFi)
 14333 | D:11     | Found a glowing silver altar of Zin.
 15122 | D:11     | Noticed a two-headed ogre
 15129 | D:11     | Killed a two-headed ogre
 15129 | D:11     | Identified the +7 falchion "Noxeug" {spect, rF+ Will- MP+9
                  | Dex+3} (Okawaru gifted it to you on level 11 of the
                  | Dungeon)
 15129 | D:11     | Received a gift from Okawaru
 15212 | D:11     | Noticed Erolcha
 15219 | D:11     | Killed Erolcha
 15220 | D:11     | Reached XP level 12. HP: 108/108 MP: 13/13
 15602 | Lair:1   | Entered Level 1 of the Lair of Beasts
 16894 | Lair:2   | Reached skill level 14 in Armour
 16897 | Lair:2   | Found a staircase to the Snake Pit.
 16947 | Lair:2   | Noticed Gastronok
 16977 | Lair:2   | HP: 5/110 [Gastronok/the air (36)]
 17035 | Lair:2   | HP: 4/110 [yak (12)]
 17035 | Lair:2   | Mangled by a yak

Illustrated notes

Levels and vault maps discovered:
D:1:      mrwooster_arrival_statue_3, layout_loops_ring
D:2:      layout_rooms
D:3:      layout_basic, dreamdust_ecumenical_altar_grove, st_stairs_6,
          grunt_ministairs_6
D:4:      layout_basic
D:5:      layout_rooms, minmay_temple_entry_arrows, minmay_manual_maat
D:6:      cheibrodos_quashed, layout_basic
D:7:      layout_cave_pools, enter_bailey_1, uniq_pikel, uniq_maggie
D:8:      layout_basic, gammafunk_temple_overflow_statue, gammafunk_ghost_hive
D:9:      dragon1_lemuel, layout_cave_pools, biasface_ghost_orc_armoury,
          serial_column_ruins, column_ruins_columns_straight,
          column_ruins_columns_dead_end, column_ruins_grid_3,
          column_ruins_grid_1, column_ruins_open_medium, column_ruins_open_tiny,
          corexii_corridor_pit, lightli_fourway_metalbox, uniq_maurice,
          uniq_prince_ribbit1
D:10:     layout_irregular_city, david_lair_shrubbed,
          minmay_orc_entry_guard_dogs
D:11:     layout_basic, ebering_ghost_reflecting_pool, zin_statuary,
          uniq_erolcha
Temple:   mainiacjoe_temple_cubbyholes
Lair:1:   lemuel_ratsnest, layout_chaotic_city
Lair:2:   layout_roguey, guppyfry_snake_entry_garden,
          portal_ice_cave_entry_pillars_2, nzn_random_ring,
          serial_bayou_shore_b, infiniplex_staircase_pool, lemuel_fruit_fields,
          uniq_gastronok

Skill      XL: |  1  2  3  4  5  6  7  8  9 10 11 12 |
---------------+-------------------------------------+-----
Fighting       | 4 5 7 8 9 10 11 | 11.2
Armour         | 4 5 6 7 8 10 11 13 14 | 14.1
Shields        | 4 5 6 7 8 |  8.9
Long Blades    | 3 4 5 7 8 10 12 13 | 13.8
Dodging        | 1 2 3 |  3.1
Invocations    | 1 2 |  2.7
Stealth        | 1 |  1.6
Throwing       | 1 |  1.2
Evocations     | 1 |  1.9
Maces & Flails | 1 |  1.2

Action                   |  1- 3 |  4- 6 |  7- 9 | 10-12 || total
-------------------------+-------+-------+-------+-------++-------
Melee: Long sword        |    89 |   171 |   286 |    27 ||   573
       Headbutt          |     9 |    26 |    56 |   111 ||   202
       Falchion          |       |       |       |   498 ||   498
       Whip              |       |       |       |    10 ||    10
Throw: Throwing net      |       |       |     1 |       ||     1
Invok: Heroism           |       |       |    10 |    13 ||    23
Evoke: Wand              |       |       |     2 |    12 ||    14
  Use: Scroll            |       |     1 |    10 |     9 ||    20
       Potion            |       |       |     5 |     5 ||    10
 Stab: Paralysed         |       |       |       |     3 ||     3
       Distracted        |       |       |       |     2 ||     2
Armor: Scale mail        |    35 |    38 |       |       ||    73
       Chain mail        |       |    38 |   136 |     1 ||   175
       Plate armour      |       |       |       |   300 ||   300
Dodge: Dodged            |    40 |    55 |   117 |   174 ||   386
Block: Buckler           |    25 |    36 |    69 |   143 ||   273
